AoeStats
← 化劲省二

MegaRandom

504851691Analyzed
1v1 RM · 27d ago on Sep 6, 2026· 51m 39s· 2 players
Game mode
Random Map
Map size
Tiny (2 player)
Population
200
Speed
Normal
Resources
Standard
Victory
Conquest
Starting age
Dark Age
Ending age
Imperial Age
RankedLock teamsTeams togetherTeam positionsShared explorationLock speedFull tech treeHidden civsTurbo modeCheats
Victory
Defeat
🇺🇸 Wei · United States
1239
+14
🇨🇳 Khitans · China
1206
-14
化劲省二
12:36 Feudal Age
10:55 Loom
12:41 Feudal Age
13:45 Double-Bit Axe
17:06 Castle Age
17:30 Scale Mail Armor
18:46 Forging
19:28 Wheelbarrow
20:04 Fishing Lines
21:01 Gillnets
22:17 Town Watch
23:12 Medium Warships
23:52 Domestication
25:46 Pastoralism
27:05 Hand Cart
29:11 Iron Casting
28:35 Fletching
29:50 Squires
30:07 Chain Mail Armor
30:12 Gold Mining
30:34 Town Patrol
30:31 Bodkin Arrow
31:25 Padded Archer Armor
32:40 Stone Mining
35:28 Imperial Age
33:31 Scale Barding Armor
33:57 Pikeman
34:59 Masonry
35:20 Chain Barding Armor
34:25 Light Cavalry
35:07 Husbandry
35:51 Bow Saw
36:20 Ballistics
36:50 Conscription
37:40 Transhumance
37:54 Ordo Cavalry
38:27 Plate Barding Armor
39:35 Two-Man Saw
38:43 Treadmill Crane
39:17 Bracer
41:42 Chemistry
41:13 Heavy Warships
42:16 Leather Archer Armor
42:54 Lamellar Armor
43:58 Plate Mail Armor
47:27 Ring Archer Armor
47:21 Siege Engineers
47:08 Hussar
48:44 Careening
48:45 Clinker Construction
50:31 Stone Shaft Mining
b lee
7:55 Loom
10:20 Feudal Age
11:06 Double-Bit Axe
11:03 Horse Collar
19:44 Castle Age
20:10 Scale Barding Armor
20:18 Bloodlines
20:49 Bow Saw
20:31 Gold Mining
22:29 Wheelbarrow
23:38 Fishing Lines
24:12 Medium Warships
26:36 Chain Barding Armor
27:28 Gold Shaft Mining
29:33 Forging
30:13 Hand Cart
33:46 Imperial Age
33:12 Iron Casting
32:42 Stone Mining
33:44 Fletching
34:51 Stone Shaft Mining
34:48 Conscription
35:30 Blast Furnace
35:02 Bodkin Arrow
35:28 Heavy Plow
36:10 Ballistics
37:43 Bracer
38:41 Padded Archer Armor
39:45 Chemistry
38:48 Husbandry
40:37 Leather Archer Armor
41:22 Parthian Tactics
41:03 Thumb Ring
44:19 Masonry
43:50 Treadmill Crane
44:28 Capped Ram
46:53 Tuntian
47:24 Ming Guang Armor
47:30 Ming Guang Armor
Connection lost

Rejoining the realm…

Still unreachable

The connection could not be restored.

Session expired

The server has moved on; the page needs a fresh start.